[Event "42nd Olympiad Baku 2016 Open"]
[Site "Baku"]
[Date "2016.09.05"]
[Round "4.28"]
[White "Pasaribu, Ivan Maxmillian Put"]
[Black "Krnan, Tomas"]
[Result "0-1"]
[ECO "C50"]
[WhiteElo "1860"]
[BlackElo "2430"]
[Annotator ""]
[PlyCount "60"]
[EventDate "2016.??.??"]
[EventCountry "AZE"]
[SourceTitle "playchess.com"]
[Source "ChessBase"]
[WhiteTeam "Indonesia"]
[BlackTeam "Canada"]
[WhiteTeamCountry "INA"]
[BlackTeamCountry "CAN"]
[TimeControl "40/5400+30:1800+30"]

1. e4 {(00:00)} e5 {(00:00)} 2. Nf3 {(00:00)} Nc6 {
(00:00)} 3. Bc4 {(00:05)} Nf6 {(00:17)} 4. d3 {(00:
13)} Bc5 {(01:01)} 5. c3 {(00:15)} O-O {(00:47)} 6. O-O {
(00:27)} d5 {(00:59)} 7. exd5 {(04:23)} Nxd5 {(00:
06)} 8. Re1 {(17:26)} Bg4 {(00:59)} 9. Nbd2 {(05:25)} Nb6
{(01:58)} 10. Bb5 {(01:57)} Bd6 {(00:58)} 11. h3 {(
01:54)} Bh5 {(00:20)} 12. Ne4 {(03:04)} f5 {(00:52)} 13.
Ng3 {(14:21)} Bxf3 {(00:50)} 14. Qxf3 {(00:02)} Qd7 {
(00:47)} 15. Nf1 {(14:38)} a6 {(04:28)} 16. Bxc6 {(
02:48)} bxc6 {(00:08)} 17. Be3 {(04:00)} c5 {(06:47)} 18.
Rad1 {(05:25)} Qa4 {(06:46)} 19. b4 {(04:36)} Qa3 {
(34:03)} 20. bxc5 {(01:38)} Bxc5 {(01:58)} 21. Bxc5 {
(00:22)} Qxc5 {(00:06)} 22. d4 {(00:02)} exd4 {(00:
55)} 23. cxd4 {(00:48)} Qd5 {(02:11)} 24. Qxd5+ {(04:47)}
Nxd5 {(00:02)} 25. Re5 {(02:18)} Rad8 {(02:08)} 26. Rc1 {
(05:22)} Rd7 {(06:36)} 27. Rc4 {(04:05)} g6 {(22:
00)} 28. Ne3 {(02:37)} Nf4 {(03:00)} 29. Kf1 {(00:37)} Rb8
{(00:30)} 30. g3 {(00:32)} Rb1+ {(00:11)} 0-1

[Event "42nd Olympiad Baku 2016 Open"]
[Site "Baku"]
[Date "2016.09.05"]
[Round "4.32"]
[White "Pazos Gambarrotti, Plinio"]
[Black "Hesham, Abdelrahman"]
[Result "1/2-1/2"]
[ECO "E06"]
[WhiteElo "2239"]
[BlackElo "2419"]
[Annotator ""]
[PlyCount "130"]
[EventDate "2016.??.??"]
[EventCountry "AZE"]
[SourceTitle "playchess.com"]
[Source "ChessBase"]
[WhiteTeam "Ecuador"]
[BlackTeam "Egypt"]
[WhiteTeamCountry "ECU"]
[BlackTeamCountry "EGY"]
[TimeControl "40/5400+30:1800+30"]

1. Nf3 {(00:00)} d5 {(00:00)} 2. c4 {(00:20)} e6 {(
00:00)} 3. d4 {(01:30)} Nf6 {(01:19)} 4. g3 {(04:14)} Be7
{(01:54)} 5. Bg2 {(00:13)} O-O {(00:13)} 6. O-O {(
00:13)} dxc4 {(00:04)} 7. Qc2 {(00:27)} a6 {(00:08)} 8.
Qxc4 {(00:13)} b5 {(00:05)} 9. Qc2 {(00:09)} Bb7 {(
00:06)} 10. Bd2 {(02:10)} Be4 {(00:09)} 11. Qc1 {(00:30)}
Ra7 {(02:23)} 12. Nc3 {(03:59)} Ba8 {(07:32)} 13. Rd1 {
(06:34)} Nbd7 {(04:30)} 14. Bf4 {(06:58)} b4 {(03:
24)} 15. Nb1 {(11:06)} Nd5 {(12:19)} 16. Bg5 {(05:15)} f6
{(08:01)} 17. Bd2 {(05:11)} Qb8 {(01:13)} 18. Bh3 {
(12:13)} f5 {(04:29)} 19. Bg5 {(01:18)} N7f6 {(02:
28)} 20. Nbd2 {(02:47)} h6 {(06:01)} 21. Bxf6 {(01:06)}
Nxf6 {(00:15)} 22. Ne5 {(01:30)} Qb7 {(08:16)} 23. Ndf3 {
(01:56)} Bd6 {(02:02)} 24. Bg2 {(05:48)} Qb5 {(08:
31)} 25. Nc4 {(05:49)} Bd5 {(01:57)} 26. Nfd2 {(02:28)} f4
{(05:57)} 27. Bxd5 {(04:42)} exd5 {(02:09)} 28. Nxd6 {
(05:13)} cxd6 {(00:04)} 29. Re1 {(00:17)} Re7 {(00:
37)} 30. Qd1 {(00:11)} Rfe8 {(02:37)} 31. Kf1 {(00:27)}
Ng4 {(02:01)} 32. Nf3 {(00:36)} Re3 {(01:25)} 33. a4 {
(03:10)} bxa3 {(02:39)} 34. Rxa3 {(00:13)} Qxb2 {(
00:40)} 35. Rd3 {(05:43)} Rxf3 {(05:28)} 36. Rxf3 {(00:20]
} Nxh2+ {(00:04)} 37. Kg2 {(00:13)} Nxf3 {(00:04)} 38.
exf3 {(00:08)} Rxe1 {(06:34)} 39. Qxe1 {(00:06)} Kf7 {
(00:11)} 40. Qa5 {(00:00)} Qxd4 {(00:00)} 41. Qc7+ {
(02:06)} Kg6 {(07:32)} 42. Qxd6+ {(00:38)} Kh7 {(
00:05)} 43. Qxa6 {(03:09)} fxg3 {(00:52)} 44. fxg3 {(00:
38)} Qc4 {(01:26)} 45. Qe6 {(00:36)} Qc2+ {(04:20)} 46.
Kh3 {(02:33)} Qd3 {(00:34)} 47. Kg2 {(02:11)} d4 {(
00:58)} 48. Qd5 {(01:34)} Qe2+ {(02:31)} 49. Kh3 {(00:21)}
d3 {(00:50)} 50. Qf5+ {(00:43)} Kg8 {(00:05)} 51. Qc8+ {
(01:04)} Kf7 {(00:05)} 52. Qf5+ {(00:27)} Ke7 {(00:
34)} 53. Qc5+ {(00:26)} Kf6 {(02:45)} 54. Qd4+ {(00:18)}
Kf7 {(01:33)} 55. Qd7+ {(01:14)} Kf6 {(01:41)} 56. Qd4+ {
(00:09)} Ke6 {(00:37)} 57. Qc4+ {(01:27)} Kd6 {(02:
54)} 58. Qd4+ {(00:22)} Kc6 {(00:05)} 59. Qc4+ {(00:13)}
Kd7 {(00:19)} 60. Qd5+ {(00:38)} Ke8 {(04:05)} 61. Qc6+ {
(00:36)} Kf8 {(03:11)} 62. Qc8+ {(00:33)} Ke7 {(01:
46)} 63. Qc5+ {(00:07)} Ke6 {(00:27)} 64. Qc4+ {(00:20)}
Kd6 {(00:52)} 65. Qd4+ {(00:17)} Ke7 {(00:27)} 1/2-1/2

[Event "42nd Olympiad Baku 2016 Open"]
[Site "Baku"]
[Date "2016.09.05"]
[Round "4.5"]
[White "Pelletier, Yannick"]
[Black "Fier, Alexandr"]
[Result "0-1"]
[ECO "D97"]
[WhiteElo "2555"]
[BlackElo "2634"]
[Annotator ""]
[PlyCount "86"]
[EventDate "2016.??.??"]
[EventCountry "AZE"]
[SourceTitle "playchess.com"]
[Source "ChessBase"]
[WhiteTeam "Switzerland"]
[BlackTeam "Brazil"]
[WhiteTeamCountry "SUI"]
[BlackTeamCountry "BRA"]
[TimeControl "40/5400+30:1800+30"]

1. d4 {(00:00)} Nf6 {(00:00)} 2. c4 {(00:00)} g6 {(
00:00)} 3. Nc3 {(00:00)} d5 {(00:00)} 4. Nf3 {(00:00)} Bg7
{(00:22)} 5. Qb3 {(00:08)} dxc4 {(00:07)} 6. Qxc4 {
(00:04)} O-O {(00:06)} 7. e4 {(00:05)} Be6 {(00:11]
} 8. Qd3 {(00:06)} c5 {(00:03)} 9. d5 {(11:02)} Bg4 {
(00:05)} 10. Be2 {(04:12)} e6 {(02:03)} 11. O-O {(
13:47)} exd5 {(00:07)} 12. exd5 {(00:03)} Na6 {(05:30)}
13. a3 {(13:17)} Rc8 {(01:57)} 14. Be3 {(09:52)} Bf5 {
(17:27)} 15. Qd2 {(05:35)} Qb6 {(06:16)} 16. Rac1 {
(08:33)} Rfd8 {(05:20)} 17. b4 {(00:44)} Qd6 {(02:
46)} 18. bxc5 {(07:08)} Nxc5 {(00:09)} 19. Nb5 {(00:09)}
Qf8 {(00:07)} 20. Qb4 {(03:54)} a5 {(09:15)} 21. Qh4 {
(01:09)} Nce4 {(03:44)} 22. Rxc8 {(04:29)} Bxc8 {(
00:40)} 23. Rd1 {(00:45)} Bd7 {(04:58)} 24. Nfd4 {(03:52)}
h6 {(01:14)} 25. Qf4 {(01:52)} Rc8 {(07:09)} 26. Bf3 {
(03:31)} Ng5 {(05:44)} 27. Rb1 {(00:24)} Rc5 {(01:
58)} 28. d6 {(02:03)} Nd5 {(03:40)} 29. Bxd5 {(05:16)}
Rxd5 {(00:03)} 30. a4 {(00:37)} Qd8 {(06:48)} 31. Nc7 {
(00:26)} Re5 {(00:33)} 32. f3 {(02:14)} Nh3+ 33. gxh3 {
(00:05)} g5 {(03:24)} 34. Qg3 {(01:01)} Rxe3 {(00:
02)} 35. Ndb5 {(00:14)} Bc6 {(00:38)} 36. Re1 {(00:21)}
Rxf3 {(02:40)} 37. Qg4 {(01:00)} Rf4 {(00:28)} 38. Qe2 {
(00:22)} Qd7 {(03:45)} 39. Qd3 {(00:37)} Rf3 {(00:
44)} 40. Re3 {(00:00)} Qxh3 {(00:00)} 41. Rxf3 {(03:46)}
Bxf3 {(01:33)} 42. Kf2 {(10:05)} Qg2+ {(00:12)} 43. Ke3 {
(00:04)} Bg4 {(00:36] Kd4} 0-1

[Event "42nd Olympiad Baku 2016 Open"]
[Site "Baku"]
[Date "2016.09.05"]
[Round "4.31"]
[White "Perez Gormaz, Matias"]
[Black "Darwish, Hashim"]
[Result "1-0"]
[ECO "D34"]
[WhiteElo "2444"]
[BlackElo "1766"]
[Annotator ""]
[PlyCount "79"]
[EventDate "2016.??.??"]
[EventCountry "AZE"]
[SourceTitle "playchess.com"]
[Source "ChessBase"]
[WhiteTeam "Chile"]
[BlackTeam "Brunei"]
[WhiteTeamCountry "CHI"]
[BlackTeamCountry "BRN"]
[TimeControl "40/5400+30:1800+30"]

1. Nf3 {(00:00)} d5 {(00:00)} 2. c4 {(00:00)} e6 {(
00:12)} 3. g3 {(00:02)} Nf6 {(00:25)} 4. Bg2 {(00:07)} c5
{(00:18)} 5. O-O {(00:14)} Nc6 {(00:25)} 6. cxd5 {(
01:40)} exd5 {(00:24)} 7. d4 {(00:35)} Be7 {(05:41)} 8.
Nc3 {(02:52)} O-O {(00:23)} 9. Bg5 {(01:53)} cxd4 {
(00:31)} 10. Nxd4 {(00:07)} Nxd4 {(00:08)} 11. Qxd4 {
(00:05)} Be6 {(02:10)} 12. Rfd1 {(03:35)} Qa5 {(02:
59)} 13. Qd2 {(04:20)} d4 {(13:48)} 14. Bxf6 {(00:09)}
Bxf6 {(02:27)} 15. Ne4 {(00:21)} Qe5 {(00:12)} 16. f4 {
(01:27)} Qf5 {(01:53)} 17. Nxf6+ {(00:06)} Qxf6 {(
00:17)} 18. Qxd4 {(00:05)} Qxd4+ {(01:05)} 19. Rxd4 {(00:
06)} Rac8 {(01:07)} 20. Rd2 {(03:47)} Rfd8 {(04:42)} 21.
Rxd8+ {(14:33)} Rxd8 {(00:30)} 22. Bf3 {(00:10)} f5 {
(02:21)} 23. b3 {(00:16)} b6 {(00:30)} 24. Rc1 {(
25:05)} Rd2 {(10:47)} 25. Rc6 {(00:09)} Kf7 {(00:11)} 26.
Rc7+ {(00:03)} Rd7 {(00:06)} 27. Rxd7+ {(01:45)} Bxd7 {
(00:08)} 28. Kf2 {(00:03)} Ke7 {(00:54)} 29. Ke3 {(
00:10)} Kd6 {(00:10)} 30. Kd4 {(00:04)} a5 {(01:41)} 31.
a3 {(09:15)} Be6 {(00:28)} 32. b4 {(00:05)} axb4 {(
00:21)} 33. axb4 {(00:03)} Bb3 {(00:19)} 34. g4 {(00:28)}
g6 {(00:47)} 35. g5 {(02:40)} Bf7 {(01:22)} 36. e3 {
(00:16)} Be6 {(00:41)} 37. Be2 {(00:08)} Bf7 {(00:
40)} 38. Bc4 {(05:20)} Bxc4 {(01:56)} 39. Kxc4 {(01:09)}
Kc6 {(00:25)} 40. h3 {(00:00] Kd5+} 1-0

[Event "42nd Olympiad Baku 2016 Open"]
[Site "Baku"]
[Date "2016.09.05"]
[Round "4.12"]
[White "Petrik, Tomas"]
[Black "Abdulwahhab, Ahmed Abdulsattar A"]
[Result "1-0"]
[ECO "B41"]
[WhiteElo "2464"]
[BlackElo "2236"]
[Annotator ""]
[PlyCount "81"]
[EventDate "2016.??.??"]
[EventCountry "AZE"]
[SourceTitle "playchess.com"]
[Source "ChessBase"]
[WhiteTeam "Slovakia"]
[BlackTeam "Iraq"]
[WhiteTeamCountry "SVK"]
[BlackTeamCountry "IRQ"]
[TimeControl "40/5400+30:1800+30"]

1. e4 {(00:00)} c5 {(00:00)} 2. Nf3 {(00:00)} e6 {(
00:00)} 3. d4 {(00:13)} cxd4 {(00:02)} 4. Nxd4 {(00:06)}
a6 {(00:11)} 5. c4 {(02:31)} Nf6 {(00:17)} 6. Nc3 {
(00:18)} Qc7 {(00:17)} 7. a3 {(01:02)} b6 {(02:01)}
8. Be3 {(02:03)} Bb7 {(00:27)} 9. f3 {(00:31)} Nc6 {
(00:19)} 10. Be2 {(02:31)} Nxd4 {(00:26)} 11. Qxd4 {
(02:10)} Bc5 {(00:50)} 12. Qd2 {(02:14)} Bxe3 {(03:
32)} 13. Qxe3 {(00:08)} d6 {(00:17)} 14. Rd1 {(13:57)} Rb8
{(10:57)} 15. O-O {(21:50)} O-O {(02:08)} 16. Rd2 {
(02:48)} Rfd8 {(02:18)} 17. Rfd1 {(00:21)} Bc6 {(
03:04)} 18. b4 {(07:58)} Rd7 {(16:25)} 19. Rc1 {(11:07)}
Ba8 {(05:13)} 20. Qd4 {(02:11)} Kf8 {(02:21)} 21. Rdc2 {
(00:57)} Rdd8 {(01:26)} 22. Qe3 {(02:15)} h6 {(01:
46)} 23. Na4 {(01:16)} Bc6 {(04:02)} 24. Nb2 {(02:21)} Nd7
{(01:15)} 25. Nd3 {(02:35)} Ba8 {(02:56)} 26. c5 {(
07:55)} bxc5 {(03:43)} 27. bxc5 {(00:12)} Rb3 {(04:48)}
28. Qf4 {(04:42)} e5 {(02:50)} 29. Qh4 {(00:07)} Nf6 {
(02:25)} 30. Qf2 {(05:46)} Rxa3 {(02:15)} 31. c6 {(
00:53)} a5 {(01:15)} 32. Nxe5 {(00:46)} dxe5 {(00:35)} 33.
Qc5+ {(00:04)} Qe7 {(00:14)} 34. c7 {(01:21)} Rc8 {
(02:43)} 35. Qxe7+ {(01:37)} Kxe7 {(00:06)} 36. Ba6 {
(00:04)} Kd7 {(03:43)} 37. Rd2+ {(00:12)} Bd5 {(02:
14)} 38. Bxc8+ {(00:10)} Kxc8 {(00:07)} 39. exd5 {(00:04)}
Rb3 {(00:09)} 40. d6 {(00:00)} Nd7 {(00:00)} 41. Rd5 {
(01:16)} 1-0

[Event "42nd Olympiad Baku 2016 Open"]
[Site "Baku"]
[Date "2016.09.05"]
[Round "4.2"]
[White "Pg, Md Omar Ak Hafizon"]
[Black "Khalema, Sechaba"]
[Result "1-0"]
[ECO "C54"]
[WhiteElo "2168"]
[BlackElo "1754"]
[Annotator ""]
[PlyCount "77"]
[EventDate "2016.??.??"]
[EventCountry "AZE"]
[SourceTitle "playchess.com"]
[Source "ChessBase"]
[WhiteTeam "Brunei"]
[BlackTeam "Lesotho"]
[WhiteTeamCountry "BRN"]
[BlackTeamCountry "LES"]
[TimeControl "40/5400+30:1800+30"]

1. e4 {(00:00)} e5 {(02:07)} 2. Nf3 {(00:00)} Nc6 {
(03:49)} 3. Bc4 {(00:00)} Bc5 {(03:42)} 4. c3 {(00:
03)} Nf6 {(00:47)} 5. d4 {(00:06)} exd4 {(00:09)} 6. cxd4
{(00:04)} Bb4+ {(00:17)} 7. Bd2 {(00:05)} Bxd2+ {(
00:07)} 8. Nbxd2 {(00:06)} d5 {(10:08)} 9. exd5 {(00:05)}
Nxd5 {(00:13)} 10. O-O {(01:02)} O-O {(05:29)} 11. Rc1 {
(00:09)} Nce7 {(03:46)} 12. Re1 {(06:12)} c6 {(00:
39)} 13. Qb3 {(04:25)} Qd6 {(08:45)} 14. Ne4 {(09:56)} Qd8
{(03:49)} 15. Rc2 {(14:59)} Rb8 {(06:55)} 16. Rce2 {
(02:51)} Nf4 {(00:26)} 17. Nf6+ {(00:19)} gxf6 {(
00:40)} 18. Rxe7 {(00:11)} Ne6 {(03:39)} 19. Bxe6 {(03:24]
} fxe6 {(00:14)} 20. R1xe6 {(02:23)} Bxe6 {(01:25)} 21.
Qxe6+ {(00:38)} Kh8 {(00:13)} 22. Qe4 {(00:13)} Qxe7 {
(09:47)} 23. Qxe7 {(00:07)} Kg8 {(00:07)} 24. h4 {(
00:10)} Rf7 {(00:24)} 25. Qe6 {(00:23)} Rd8 {(00:22)} 26.
h5 {(00:40)} Rd5 {(00:34)} 27. h6 {(00:31)} Rd8 {(
01:09)} 28. g3 {(03:36)} Kf8 {(00:37)} 29. Kg2 {(00:13)}
Rdd7 {(00:55)} 30. Nh4 {(00:25)} Rfe7 {(05:15)} 31. Qxf6+
{(00:34)} Rf7 {(00:09)} 32. Qh8+ {(01:31)} Ke7 {(
00:22)} 33. Qe5+ {(00:20)} Kd8 {(00:29)} 34. Nf5 {(00:07)}
Rc7 {(01:25)} 35. Ng7 {(02:34)} Rcd7 {(00:45)} 36. Ne6+ {
(00:39)} Ke8 {(00:26)} 37. Nc5+ {(00:43)} Kf8 {(00:
30)} 38. Nxd7+ {(00:11)} Rxd7 {(00:14)} 39. Qh8+ {(00:27)}
1-0

[Event "42nd Olympiad Baku 2016 Open"]
[Site "Baku"]
[Date "2016.09.05"]
[Round "4.17"]
[White "Phillips, Roy"]
[Black "Lam, Daniel King-wai"]
[Result "0-1"]
[ECO "B90"]
[WhiteElo "2234"]
[BlackElo "2169"]
[Annotator ""]
[PlyCount "94"]
[EventDate "2016.??.??"]
[EventCountry "AZE"]
[SourceTitle "playchess.com"]
[Source "ChessBase"]
[WhiteTeam "Mauritius"]
[BlackTeam "Hong Kong"]
[WhiteTeamCountry "MRI"]
[BlackTeamCountry "HKG"]
[TimeControl "40/5400+30:1800+30"]

1. e4 {(00:00)} c5 {(00:00)} 2. Nf3 {(00:00)} d6 {(
00:00)} 3. d4 {(00:00)} cxd4 {(00:00)} 4. Nxd4 {(00:00)}
Nf6 {(00:00)} 5. Nc3 {(00:00)} a6 {(00:00)} 6. Rg1 {
(00:19)} e5 {(08:27)} 7. Nb3 {(00:15)} Be6 {(01:22]
} 8. g4 {(00:57)} h6 {(03:42)} 9. h4 {(24:18)} d5 {
(03:31)} 10. exd5 {(00:11)} Nxd5 {(00:13)} 11. Nxd5 {
(00:10)} Qxd5 {(00:34)} 12. Be3 {(16:22)} Nc6 {(04:
50)} 13. Qxd5 {(11:13)} Bxd5 {(00:03)} 14. O-O-O {(00:33)}
Bf3 {(11:24)} 15. Re1 {(12:20)} Be7 {(10:52)} 16. h5 {
(08:05)} O-O-O {(17:00)} 17. Nd2 {(10:10)} Bd5 {(
01:55)} 18. Nc4 {(00:59)} Be6 {(11:39)} 19. f4 {(06:58)}
exf4 {(02:54)} 20. Bxf4 {(00:50)} Bxc4 {(00:17)} 21. Bxc4
{(00:13)} Rd4 {(00:17)} 22. Bxf7 {(06:06)} Rxf4 {(
00:34)} 23. Be6+ {(00:03)} Kc7 {(01:25)} 24. c3 {(01:20)}
Rf2 {(00:35)} 25. Kb1 {(00:26)} Rd8 {(00:23)} 26. Rd1 {
(00:28)} Rdd2 {(01:56)} 27. Rxd2 {(00:10)} Rxd2 {(
00:01)} 28. a3 {(00:16)} Ne5 {(00:50)} 29. Bb3 {(01:08)}
Bf6 {(02:45)} 30. Rg3 {(00:39)} b5 {(01:50)} 31. Kc1 {
(00:29)} Bg5 {(00:35)} 32. Kb1 {(00:01)} Kc6 {(00:
32)} 33. Rg1 {(00:46)} Kc5 {(02:17)} 34. Rg3 {(00:43)} Nc4
{(00:39)} 35. Bc2 {(00:30)} Ne3 {(00:22)} 36. Bb3 {
(00:27)} Rf2 {(00:23)} 37. Ka2 {(00:31)} Nc4 {(01:
00)} 38. Bxc4 {(00:05)} bxc4 {(00:17)} 39. Rg1 {(00:31)}
Kd5 {(01:07)} 40. a4 {(00:00)} Bd2 {(00:00)} 41. Ka3 {
(04:26)} a5 {(01:20)} 42. Rd1 {(01:35)} Ke4 {(00:
19)} 43. b3 {(00:10)} Kd3 {(02:35)} 44. g5 {(02:48)} hxg5
{(00:52)} 45. h6 {(00:02)} gxh6 {(00:14)} 46. bxc4 {
(00:01)} Kc2 {(00:52)} 47. Ra1 {(00:27)} Bc1+ {(00:
51)} 0-1

[Event "42nd Olympiad Baku 2016 Open"]
[Site "Baku"]
[Date "2016.09.05"]
[Round "4.8"]
[White "Pichot, Alan"]
[Black "Yakubboev, Nodirbek"]
[Result "1-0"]
[ECO "C70"]
[WhiteElo "2536"]
[BlackElo "2431"]
[Annotator ""]
[PlyCount "141"]
[EventDate "2016.??.??"]
[EventCountry "AZE"]
[SourceTitle "playchess.com"]
[Source "ChessBase"]
[WhiteTeam "Argentina"]
[BlackTeam "Uzbekistan"]
[WhiteTeamCountry "ARG"]
[BlackTeamCountry "UZB"]
[TimeControl "40/5400+30:1800+30"]

1. e4 {(00:00)} e5 {(00:00)} 2. Nf3 {(00:00)} Nc6 {
(00:00)} 3. Bb5 {(00:19)} a6 {(00:09)} 4. Ba4 {(00:
17)} g6 {(00:21)} 5. c3 {(00:51)} Bg7 {(00:25)} 6. O-O {
(01:21)} d6 {(01:18)} 7. d4 {(01:46)} b5 {(01:58)}
8. Bb3 {(03:35)} exd4 {(01:27)} 9. Ng5 {(05:17)} Nh6 {
(15:25)} 10. Bd5 {(00:22)} Bd7 {(14:58)} 11. cxd4 {
(00:48)} Rc8 {(00:26)} 12. Nf3 {(06:00)} Ne7 {(02:
06)} 13. Bb3 {(05:31)} c5 {(02:53)} 14. Bf4 {(12:47)} c4 {
(11:29)} 15. Qd2 {(03:10)} Ng4 {(03:01)} 16. Bc2 {(
00:12)} d5 {(04:01)} 17. e5 {(03:22)} h5 {(02:26)} 18. a4
{(01:07)} Qb6 {(09:07)} 19. axb5 {(05:02)} axb5 {(
01:40)} 20. Nc3 {(01:44)} b4 {(07:23)} 21. Na4 {(00:27)}
Bxa4 {(00:45)} 22. Bxa4+ {(05:46)} Kf8 {(01:16)} 23. Rfe1
{(02:51)} Rd8 {(03:38)} 24. Bg5 {(06:23)} Qb7 {(08:
22)} 25. Qf4 {(03:26)} Kg8 {(01:19)} 26. h3 {(03:00)} Nh6
{(00:16)} 27. g4 {(00:11)} Qc7 {(01:49)} 28. Kg2 {(
05:21)} Rf8 {(01:17)} 29. Qg3 {(02:50)} Nc8 {(01:58)} 30.
Nh4 {(05:59)} hxg4 {(00:47)} 31. hxg4 {(00:21)} Nb6 {
(00:41)} 32. Bc2 {(01:02)} b3 {(01:23)} 33. Bb1 {(
00:20)} Qc8 {(00:15)} 34. f3 {(03:03)} c3 {(00:41)} 35.
bxc3 {(02:13)} Qxc3 {(00:16)} 36. Ra6 {(01:28)} Qxd4 {
(00:27)} 37. e6 {(00:45)} Nc4 {(01:15)} 38. Qf2 {(
05:22)} Qxf2+ {(00:29)} 39. Kxf2 {(00:04)} fxe6 {(01:03)}
40. Nxg6 {(00:00)} Nxg4+ {(00:00)} 41. Kg3 {(06:53)} Nge5
{(07:52)} 42. Nxf8 {(00:47)} Bxf8 {(01:14)} 43. Rxe6 {
(00:45)} Bb4 {(01:48)} 44. Rd1 {(03:44)} Kf7 {(03:
45)} 45. Rf6+ {(00:31)} Kg7 {(00:39)} 46. f4 {(10:18)} Ne3
{(08:05)} 47. fxe5 {(08:48)} Nxd1 {(00:12)} 48. Rb6 {
(00:04)} Be1+ {(01:59)} 49. Kg4 {(00:28)} Nf2+ {(
01:06)} 50. Kf5 {(00:14)} Rf8+ {(01:00)} 51. Bf6+ {(00:10]
} Kg8 {(00:41)} 52. Rb7 {(02:17)} Rf7 {(00:34)} 53. Rxb3 {
(00:23)} Ne4 {(00:40)} 54. Bxe4 {(00:37)} dxe4 {(
00:08)} 55. e6 {(00:17)} Rxf6+ {(01:21)} 56. Kxf6 {(00:06]
} Bh4+ {(00:05)} 57. Kf5 {(01:15)} Kf8 {(00:35)} 58. Rh3 {
(03:52)} Bf2 {(01:39)} 59. Rh7 {(01:06)} Ke8 {(00:
50)} 60. Kxe4 {(01:09)} Be1 {(01:16)} 61. Kf5 {(01:16)}
Bc3 {(01:13)} 62. Rb7 {(00:38)} Be1 {(01:12)} 63. Rc7 {
(00:54)} Bf2 {(00:40)} 64. Ke4 {(00:29)} Be1 {(01:
10)} 65. Kd5 {(00:31)} Bg3 {(00:50)} 66. Rg7 {(00:32)} Be1
{(01:09)} 67. Rg1 {(00:29)} Bb4 {(00:20)} 68. Rg4 {
(00:32)} Ba3 {(01:00)} 69. Ra4 {(00:13)} Bf8 {(00:
17)} 70. Ra8+ {(00:14)} Ke7 {(00:04)} 71. Rxf8 {(00:19)}
1-0

[Event "42nd Olympiad Baku 2016 Open"]
[Site "Baku"]
[Date "2016.09.05"]
[Round "4.11"]
[White "Pierre, Jn Claude"]
[Black "Hale, Andrew"]
[Result "1-0"]
[ECO "B06"]
[WhiteElo "1912"]
[BlackElo "1940"]
[Annotator ""]
[PlyCount "83"]
[EventDate "2016.??.??"]
[EventCountry "AZE"]
[SourceTitle "playchess.com"]
[Source "ChessBase"]
[WhiteTeam "Haiti"]
[BlackTeam "Channel Islands"]
[WhiteTeamCountry "HAI"]
[BlackTeamCountry "GCI"]
[TimeControl "40/5400+30:1800+30"]

1. e4 {(00:00)} g6 {(00:00)} 2. Nf3 {(00:16)} d6 {(
00:04)} 3. d4 {(00:22)} Bg7 {(00:08)} 4. Be2 {(00:17)} a6
{(00:26)} 5. c4 {(00:18)} Nd7 {(01:02)} 6. Nc3 {(
01:15)} e6 {(01:13)} 7. Bg5 {(00:36)} Ne7 {(00:27)} 8. Qc2
{(01:27)} b6 {(01:51)} 9. Rd1 {(01:12)} h6 {(04:29]
} 10. Be3 {(01:54)} Bb7 {(03:33)} 11. b4 {(04:27)} O-O {
(07:57)} 12. Qd2 {(01:28)} Kh7 {(01:02)} 13. h4 {(
04:01)} Ng8 {(20:55)} 14. h5 {(14:42)} g5 {(02:40)} 15.
Nxg5+ {(01:54)} hxg5 {(01:38)} 16. h6 {(00:58)} Bf6 {
(07:45)} 17. Bd3 {(00:25)} e5 {(02:37)} 18. Nd5 {(
01:22)} Bxd5 {(10:09)} 19. exd5+ {(00:22)} Kh8 {(00:15)}
20. h7 {(00:10)} Ne7 {(02:22)} 21. Bxg5 {(00:34)} Ng6 {
(00:31)} 22. Bh6 {(00:29)} Re8 {(08:30)} 23. Bxg6 {
(02:37)} exd4+ {(05:08)} 24. Kf1 {(00:08)} fxg6 {(
00:36)} 25. Qd3 {(00:19)} Qe7 {(00:59)} 26. Rh3 {(02:12)}
Qe4 {(03:44)} 27. Qd2 {(02:29)} Re7 {(00:47)} 28. f3 {
(01:44)} Qf5 {(10:49)} 29. g4 {(00:23)} Qe5 {(00:
15)} 30. Bf4 {(00:12)} Qe2+ {(00:21)} 31. Qxe2 {(00:14)}
Rxe2 {(00:01)} 32. Kxe2 {(00:07)} g5 {(00:48)} 33. Bh2 {
(02:13)} Re8+ {(00:20)} 34. Kd2 {(00:25)} Ne5 {(00:
50)} 35. Bxe5 {(00:40)} Bxe5 {(01:01)} 36. Re1 {(00:37)}
Re7 {(01:13)} 37. Kd3 {(00:45)} Rxh7 {(00:58)} 38. Rxh7+ {
(00:19)} Kxh7 {(00:05)} 39. a4 {(00:27)} Kg7 {(00:
29)} 40. a5 {(00:00)} Kf7 {(00:00)} 41. b5 {(00:41)} axb5
{(04:15)} 42. a6 {(00:11)} 1-0